 Dungeon Crawl Stone Soup version 0.24.0-13-gcf9b3192b9 (webtiles) character file.

Game seed: 7323561127282501302, levelgen mode: deterministic

5 Acheron the Grave Robber (level 1, 0/11 HPs)
             Began as a Gargoyle Necromancer on Nov 6, 2019.
             Slain by a hobgoblin
             ... wielding a +0 club
              (2 damage)
             ... on level 1 of the Dungeon.
             The game lasted 00:02:10 (399 turns).

Acheron the Grave Robber (Gargoyle Necromancer)      Turns: 399, Time: 00:02:11

Health: 0/11       AC:  4    Str: 11    XL:     1   Next: 80%
Magic:  0/3        EV: 12    Int: 15    God:
Gold:   0          SH:  0    Dex: 10    Spells: 3/4 levels left

rFire    + . .     SeeInvis .   (no weapon)
rCold    x . .     Gourm    .   (no shield)
rNeg     + . .     Faith    .   a - +0 robe
rPois    ∞         Spirit   .   (no helmet)
rElec    +         Reflect  .   (no cloak)
rCorr    .         Harm     .   (no gloves)
MR       .....                  (no boots)
Stlth    ++........             (no amulet)
HPRegen  0.03/turn              g - ring of fire
MPRegen  0.08/turn              (no ring)

@: very slightly contaminated
A: negative energy resistance 1, electricity resistance, unbreathing,
petrification resistance, rot immunity, AC +2
a: no special abilities


You were on level 1 of the Dungeon.
You were not hungry.

You visited 1 branch of the dungeon, and saw 1 of its levels.

Inventory:

Armour
 a - a +0 robe (worn)
 d - a +0 ring mail
Jewellery
 g - a ring of fire (left hand)
Scrolls
 h - a scroll of blinking {unknown}
Potions
 e - a potion of degeneration {unknown}
 f - a potion of curing {unknown}
Comestibles
 b - a chunk of flesh
 c - a ration


   Skills:
 * Level 0.5 Fighting
 * Level 1.5 Dodging
 * Level 2.3 Stealth
 * Level 2.0 Spellcasting
 + Level 3.3 Necromancy


You had 3 spell levels left.
You knew the following spells:

 Your Spells              Type           Power        Failure   Level  Hunger
a - Pain                  Necr           ##..         5%          1    #......

Your spell library contained the following spells:

 Spells                   Type           Power        Failure   Level  Hunger
 Animate Skeleton         Necr           N/A          5%          1    #......
 Vampiric Draining        Necr           ##........   17%         3    ###....
 Regeneration             Chrm/Necr      #.........   32%         3    ###....
 Animate Dead             Necr           N/A          50%         4    #####..


Dungeon Overview and Level Annotations

Branches:
Dungeon (1/15)

Altars:


Innate Abilities, Weirdness & Mutations

You are resistant to torment.
Your stone body is resilient. (AC +2)
You are immune to poison.
You resist negative energy. (rN+)
You are resistant to electric shocks. (rElec)
You can survive without breathing.
You are immune to petrification.
You are immune to rotting.


Message History

The hobgoblin is moderately wounded.
The hobgoblin hits you with a +0 club.
* * * LOW HITPOINT WARNING * * *
Casting: Pain (safe; 5% risk of failure)
Confirm with . or Enter, or press ? or * to list all spells.
Aiming: Pain (safe; 5% risk of failure)
Press: ? - help, Shift-Dir - straight line, f/p - hobgoblin
Aim: a hobgoblin, wielding a +0 club (chance to defeat MR: 80%)
The hobgoblin writhes in agony.
The hobgoblin barely misses you.
You feel more attuned to fire.
g - a ring of fire (left hand)
Casting: Pain (safe; 5% risk of failure)
Confirm with . or Enter, or press ? or * to list all spells.
Aiming: Pain (safe; 5% risk of failure)
Press: ? - help, Shift-Dir - straight line, f/p - hobgoblin
Aim: a hobgoblin, wielding a +0 club (severely wounded, chance to defeat MR: 80%)
You miscast Pain.
You are very lightly contaminated with residual magic.
You feel very uncomfortable. The hobgoblin hits you with a +0 club.
You die...

#.# #### .
#.# #.... .
#.# ..#####
#.# ..#PPP#
#.# ..#P⌠P#
#.# ..#PPP#
#.# ..#####
#@# ..+....
#g# ..#####
#g#
#..#PPP#
#.# #.#
#..#P⌠P#
#.# ..
#..#PPP#
#.#
#.##..#####
#.#
..#.......
#.#
#.#...####
#.#
#..##....÷


You could see 2 hobgoblins.

Vanquished Creatures
  A bat (D:1)
  A giant cockroach (D:1)
  A goblin (D:1)
  A frilled lizard (D:1)
  A rat (D:1)
5 creatures vanquished.

Notes
Turn   | Place    | Note
-------+----------+-------------------------------------------
     0 | D:1      | Acheron the Gargoyle Necromancer began the quest for the
                  | Orb.
     0 | D:1      | Reached XP level 1. HP: 10/10 MP: 3/3
   399 | D:1      | Slain by a hobgoblin

Levels and vault maps discovered:
D:1:      beargit_arrival_greenhouse, layout_rooms, roderic_roman_lattice,
          minmay_tromino_v4_a

Action                   || total
-------------------------++-------
Melee: Unarmed           ||    18
 Cast: Pain              ||    12
Armor: Robe              ||     8
Dodge: Dodged            ||    16
